 Dungeon Crawl Stone Soup version 0.15.2 (webtiles) character file.

28 glosham the Skirmisher (level 3, -2/37 HPs)
             Began as an Ogre Arcane Marksman on Apr 8, 2017.
             Was an Initiate of Trog.
             Slain by a worm (11 damage)
             ... on Level 2 of the Dungeon.
             The game lasted 00:11:25 (632 turns).

glosham the Skirmisher (Ogre Arcane Marksman)        Turns: 632, Time: 00:11:25

HP  -2/37        AC  4     Str 16      XL: 3   Next: 12%
MP   4/4         EV 10     Int 12      God: Trog [......]
Gold 89          SH  0     Dex 10      Spells:  1 memorised,  3 levels left

rFire  . . .     SeeInvis .     a - +0 whip
rCold  . . .     Clarity  .     X - +1 robe
rNeg   . . .     rCorr    .     (shield restricted)
rPois  .         rRot     .     (helmet restricted)
rElec  .         Spirit   .     (no cloak)
SustAb .         Warding  .     (gloves unavailable)
rMut   .         Stasis   .     (boots unavailable)
Gourm  .                        (no amulet)
MR     .....                    (no ring)
                                (no ring)

@: not resistant to hostile enchantments, very unstealthy
A: unfitting armour, tough skin 1
a: Burn Spellbooks, Renounce Religion


You were on level 2 of the Dungeon.
You worshipped Trog.
Trog was noncommittal.
You were not hungry.

You visited 1 branch of the dungeon, and saw 2 of its levels.

You collected 89 gold pieces.

Inventory:

Hand weapons
 a - a +0 whip (weapon)
Missiles
 b - 4 large rocks (quivered)
 c - 2 throwing nets
 e - 30 stones
Armour
 X - a +1 robe (worn)
Comestibles
 f - 2 meat rations
 g - a bread ration
Scrolls
 j - a scroll of remove curse
Potions
 h - a potion of curing {unknown}
 i - a potion of lignification {unknown}
Books
 d - a book of Debilitation

   Spells                             Type                      Level
   *Corona                            Hexes                        1
   Slow                               Hexes                        2
   Inner Flame                        Hexes/Fire                   3
   Enslavement                        Hexes                        4
   Cause Fear                         Hexes                        4
   Leda's Liquefaction                Hexes/Earth                  4
   Trog disapproves of the use of such an item.


   Skills:
 - Level 3.2 Fighting
 * Level 2.0 Maces & Flails
 - Level 2.1 Throwing
 - Level 1.7 Dodging
 - Level 1.2 Spellcasting
 - Level 2.1 Hexes


You had 3 spell levels left.
You knew the following spells:

 Your Spells              Type           Power        Failure   Level  Hunger
C - Corona                Hex            #......      14%         1    ##.....


Dungeon Overview and Level Annotations

Branches:
Dungeon (2/15)

Altars:
Trog


Innate Abilities, Weirdness & Mutations

You are too large for most types of armour.
You have tough skin (AC +1).


Message History

The worm is moderately wounded.
The worm bites you!
You hit the worm.
The worm is heavily wounded.
You completely miss the worm.
The worm is heavily wounded.
You hit the worm.
The worm is heavily wounded.
The worm bites you.
You barely miss the worm.
The worm is heavily wounded.
You hit the worm.
The worm is heavily wounded.
You hit the worm.
The worm is severely wounded.
The worm closely misses you.
You hit the worm but do no damage.
The worm is severely wounded.
You hit the worm but do no damage.
The worm is severely wounded.
The worm bites you!
You barely miss the worm.
The worm is severely wounded.
You hit the worm.
The worm is severely wounded.
You hit the worm.
The worm is severely wounded.
The worm closely misses you.
You hit the worm but do no damage.
The worm is severely wounded.
You hit the worm.
The worm is almost dead.
The worm bites you!
* * * LOW HITPOINT WARNING * * *
You hit the worm.
The worm is almost dead.
You barely miss the worm.
The worm is almost dead.
The worm bites you!
You die...

..#..#
#.#
..#..#
#.#
..#..#
#.#
..#...
#.#
..#.##
#.#
..#.#
#.#
#.#
#.# .
#w#
#@#
#.#
#.#
#.#
#.#
#.#
#.#
#.#
#.#


You could see a worm.

Vanquished Creatures
  A gnoll (D:1)
  A ball python (D:1)
  A giant cockroach (D:1)
  4 hobgoblins
  A giant newt (D:1)
  2 goblins
  2 jackals (D:2)
  A kobold (D:1)
  6 rats
19 creatures vanquished.

Notes
Turn   | Place    | Note
--------------------------------------------------------------
     0 | D:1      | glosham, the Ogre Arcane Marksman, began the quest for the Orb.
     0 | D:1      | Reached XP level 1. HP: 19/19 MP: 2/2
   109 | D:1      | Reached skill level 2 in Fighting
   185 | D:1      | Reached skill level 3 in Fighting
   185 | D:1      | Reached XP level 2. HP: 16/31 MP: 1/3
   264 | D:1      | Reached skill level 1 in Maces & Flails
   300 | D:2      | Found a bloodstained altar of Trog.
   326 | D:2      | Became a worshipper of Trog the Wrathful
   397 | D:1      | Reached XP level 3. HP: 32/37 MP: 4/4
   602 | D:2      | Reached skill level 2 in Maces & Flails
   632 | D:2      | Slain by a worm

Action                   || total
-------------------------++-------
Melee: Unarmed           ||    26
       Whip              ||    62
Throw: Large rock        ||     2
       Throwing net      ||     2
 Cast: Corona            ||    12
  Use: Scroll            ||     5

Table legend:
 A = Turns spent in this place as a percentage of turns spent in the entire game.
 B = Non-inter-level travel turns spent in this place as a percentage of non-inter-level travel turns spent in the entire game.
 C = Inter-level travel turns spent in this place as a percentage of turns spent in this place.
 D = Turns resting spent in this place as a percentage of non-inter-level travel turns spent in this place.
 E = Turns spent auto-exploring this place as a percentage of non-inter-level travel turns spent in this place.
 F = Non-inter-level travel turns spent in this place divided by the number of levels of this place that you've seen.
                   A       B       C       D       E      F
               +-------+-------+-------+-------+-------+----------------------
         Total | 100.0 | 100.0 |   0.6 |   0.0 |   0.0 | 265.5
       Dungeon | 100.0 | 100.0 |   0.6 |   0.0 |   0.0 | 265.5
               +-------+-------+-------+-------+-------+----------------------

Table legend:
 A = Kills in this place as a percentage of kills in entire the game.
 B = Kills by you in this place as a percentage of kills by you in the entire game.
 C = Kills by friends in this place as a percentage of kills by friends in the entire game.
 D = Other kills in this place as a percentage of other kills in the entire game.
 E = Experience gained in this place as a percentage of experience gained in the entire game.
 F = Experience gained in this place divided by the number of levels of this place that you have seen.
                   A       B       C       D       E      F
               +-------+-------+-------+-------+-------+----------------------
         Total | 100.0 | 100.0 |  -nan |  -nan | 100.0 |  20.0
       Dungeon | 100.0 | 100.0 |  -nan |  -nan | 100.0 |  20.0
               +-------+-------+-------+-------+-------+----------------------

Vault maps used:
D:1:      onia_arrival_pyramid
D:2:      bloody_trog, tgw_kikubaaqudgha
